 Dungeon Crawl Stone Soup version 0.28-a0-1412-gf95308ed99 (webtiles) character file.

Game seed: 5749991749959046121

110877 HallandMoats the Warmonger (level 16, -4/141 HPs)
             Began as a Ghoul Fighter on Jan 6, 2022.
             Was a High Priest of Okawaru.
             Killed by divine providence
             ... invoked by Saint Roka
              (13 damage)
             ... while paralysed by an orc sorcerer
             ... on level 2 of the Orcish Mines.
             The game lasted 01:03:15 (52220 turns).

HallandMoats the Warmonger (Ghoul Fighter)         Turns: 52220, Time: 01:03:16

Health: -4/141     AC: 19    Str: 28    XL:     16   Next: 56%
Magic:  0/26       EV:  2    Int:  5    God:    Okawaru [*****.]
Gold:   1417       SH:  0    Dex: 20    Spells: 12/15 levels left

rFire   + + .      SeeInvis +   b - +4 broad axe (vamp)
rCold   + . .      Faith    .   c - +1 buckler
rNeg    + + +      Spirit   +   k - +1 scale mail of Lifelessness {-Cast Drain rElec rF++ Dex+8}
rPois   ∞          Reflect  .   j - +2 helmet of Adeem {Slay+2}
rElec   +          Harm     .   e - +0 cloak
rCorr   .          Rampage  .   x - +1 pair of gloves {infuse}
Will    +....      NoCast   +   (no boots)
Stlth   ++........              D - amulet of guardian spirit
HPRegen 0.00/turn               p - +6 ring of strength
MPRegen 0.20/turn               s - ring of see invisible

@: paralysed, heroic, finesse-ful, spiked, inhibited regen
A: claws 1, cold resistance 1, negative energy resistance 3, inhibited
regeneration, torment resistance 2
a: Renounce Religion, Heroism, Finesse, Duel


You were on level 2 of the Orcish Mines.
You worshipped Okawaru.
Okawaru was extremely pleased with you.
You visited 4 branches of the dungeon, and saw 24 of its levels.
You also visited: Sewer and Ice Cave.

You collected 1881 gold pieces.
You spent 464 gold pieces at shops.

Inventory:

Hand Weapons
 a - the +3 hand axe "Linol" {flame, rElec Int+8 Dex+3}
   (You found it on level 10 of the Dungeon)

   It burns those it strikes, dealing additional fire damage.
   Big, fiery blades are also staple armaments of hydra-hunters.
   Int:       It affects your intelligence (+8).
   Dex:       It affects your dexterity (+3).
   rElec:     It insulates you from electricity.
 b - a +4 vampiric broad axe (weapon)
Missiles
 A - 2 throwing nets (quivered)
Armour
 c - a +1 buckler (worn)
 e - a +0 cloak (worn)
 j - the +2 helmet of Adeem (worn) {Slay+2}
   (Okawaru gifted it to you on level 2 of the Lair of Beasts)

   Slay:      It affects your accuracy & damage with ranged weapons and melee
   (+2).
 k - the +1 scale mail of Lifelessness (worn) {-Cast Drain rElec rF++ Dex+8}
   (You found it on level 2 of the Dungeon)

   Dex:       It affects your dexterity (+8).
   rF:        It greatly protects you from fire.
   rElec:     It insulates you from electricity.
   -Cast:     It prevents spellcasting.
   Drain:     It drains your maximum health when unequipped.
 x - a +1 pair of gloves of infusion (worn)
 y - the +2 helmet "Wismeadi" {rC++}
   (You found it on level 11 of the Dungeon)

   rC:        It greatly protects you from cold.
Jewellery
 d - a ring of protection from fire
 g - a +6 ring of dexterity
 m - a ring of protection from fire
 p - a +6 ring of strength (left hand)
 s - a ring of see invisible (right hand)
 u - a ring of ice
 D - an amulet of guardian spirit (around neck)
Wands
 h - a wand of digging (4)
 E - a wand of acid (12)
Scrolls
 i - 12 scrolls of identify
 o - a scroll of fog
 q - 3 scrolls of fear
 t - a scroll of enchant armour
 z - 9 scrolls of teleportation
 H - 5 scrolls of blinking
 L - 2 scrolls of magic mapping
Potions
 f - 9 potions of curing
 n - a potion of ambrosia {unknown}
 r - a potion of might
 v - 3 potions of invisibility {unknown}
 w - 2 potions of heal wounds
 B - a potion of degeneration {unknown}
 C - 2 potions of flight
 F - 2 potions of magic
 G - a potion of resistance {unknown}
 I - a potion of haste
 J - a potion of berserk rage {unknown}


   Skills:
 + Level 12.8(17.8) Fighting
 * Level 14.4(19.4) Axes
 + Level 10.8(15.8) Armour
 * Level 14.7(19.7) Dodging
 - Level 4.3(9.3) Shields
 + Level 15.2 Invocations


You had 12 spell levels left.
You knew the following spells:

 Your Spells              Type           Power      Damage    Failure   Level
a - Ozocubu's Armour      Ice            0%         N/A       97%         3

Your spell library contained the following spells:

 Spells                   Type           Power      Damage    Failure   Level
 Apportation              Tloc           0%         N/A       73%         1
 Pain                     Necr           0%         1d4       73%         1
 Slow                     Hex            0%         N/A       73%         1
 Blink                    Tloc           0%         N/A       86%         2
 Corpse Rot               Necr/Air       0%         N/A       86%         2
 Confusing Touch          Hex            0%         N/A       97%         3
 Lesser Beckoning         Tloc           0%         N/A       97%         3
 Stone Arrow              Conj/Erth      0%         3d7       97%         3
 Vampiric Draining        Necr           0%         2d6       97%         3
 Dispel Undead            Necr           0%         3d6       100%        4
 Alistair's Intoxication  Tmut/Pois      0%         N/A       100%        5
 Manifold Assault         Tloc           0%         N/A       100%        5
 Ozocubu's Refrigeration  Ice            0%         4d5       100%        7
 Lehudib's Crystal Spear  Conj/Erth      0%         10d2      100%        8
 Animate Skeleton         Necr           Unusable   N/A       N/A         1
 Summon Small Mammal      Summ           Unusable   N/A       N/A         1
 Call Canine Familiar     Summ           Unusable   N/A       N/A         3
 Summon Guardian Golem    Hex/Summ       Unusable   N/A       N/A         3
 Animate Armour           Summ/Erth      Unusable   N/A       N/A         4
 Death Channel            Necr           Unusable   N/A       N/A         6
 Storm Form               Tmut/Air       Unusable   N/A       N/A         7

Dungeon Overview and Level Annotations

Branches:
Dungeon (15/15)            Temple (1/1) D:7            Lair (6/6) D:8
  Snake (0/4) Lair:4       Spider (0/4) Lair:3        Slime (0/5) Lair:6
    Orc (2/2) D:12         Vaults (0/5) D:13         Depths (0/4) D:15
  Sewer (visited)           IceCv (visited)
    Elf: Orc:2

Altars:
Ashenzari
Cheibriados
Dithmenos
Elyvilon
Fedhas
Gozag
Hepliaklqana
Kikubaaqudgha
Makhleb
Nemelex Xobeh
Okawaru
Qazlal
Ru
Sif Muna
Trog
Uskayaw
Vehumet
Wu Jian
Xom
Yredelemnul
Zin
The Shining One
Beogh
Jiyva

Shops:
D:9 ?   Orc:2 ?

Annotations:
D:9 exclusion: orange crystal statue
D:10 3 runed translucent doors, blank1's ghost, journeyman MiFi
Orc:2 Saint Roka


Innate Abilities, Weirdness & Mutations

You thrive by killing the living.
You are immune to poison.
You have sharp fingernails.
Your flesh is cold resistant. (rC+)
You are immune to negative energy. (rN+++)
You do not regenerate when monsters are visible.
You are immune to unholy pain and torment.


Message History

The red devil completely misses you.
The orc sorcerer hits you but does no damage.
Saint Roka invokes the aid of Beogh against you.
Beogh smites you!
The hellwing hits you but does no damage.
The hellwing hits you.
The orc sorcerer points at you and mumbles some strange words.
The bolt of fire misses you.
The red devil hits you from afar with a +0 trident!
Barbed spikes become lodged in your body.
Saint Roka mumbles some strange prayers to Beogh against you.
Beogh smites you!
* * * LOW HITPOINT WARNING * * *
The hellwing hits you but does no damage. x2
The red devil hits you from afar with a +0 trident.
* * * LOW HITPOINT WARNING * * *
Barbed spikes become lodged in your body.
Saint Roka hits you with a +0 battleaxe.
* * * LOW HITPOINT WARNING * * *
The orc sorcerer hits you but does no damage.
The hellwing hits you.
* * * LOW HITPOINT WARNING * * *
The hellwing hits you but does no damage.
The red devil hits you but does no damage.
Saint Roka hits you but does no damage.
The orc sorcerer hits you but does no damage.
The hellwing hits you but does no damage.
The hellwing hits you.
* * * LOW HITPOINT WARNING * * *
Saint Roka roars a battlecry!
The orc sorcerer goes into a battle-frenzy!
The red devil hits you from afar with a +0 trident!
* * * LOW HITPOINT WARNING * * *
Barbed spikes become lodged in your body.
The orc sorcerer hits you but does no damage.
The hellwing barely misses you. The hellwing hits you.
* * * LOW HITPOINT WARNING * * *
Saint Roka calls down the wrath of Beogh upon you.
Beogh smites you!
You die...

.....#.........###....#...#
...$......#.....##......#.#
.............#............##
#...................#......#
#..#....#................##
#........................#
#...................#...#
##........[.............##
###.......@.<.......#....# #
##........4oo..#.....#.#.##
#.
##.........4.............##
.. #..[...∩...[[.....#.#...##
..#####.........[....#......#
..o.8.......[.[............##
...)).........#.............#
.....................#.###.##
..)...................## ###


You could see Saint Roka, a hellwing (summoned), an orc sorcerer (strong) and a
red devil (summoned).

Vanquished Creatures
  Frances (D:13)
  A frost giant (IceCv)
  An ettin (D:15)
  Snorg (Lair:3)
  A fire dragon (D:13)
  Fannar (Lair:2)
  4 vault guards (D:13)
  Harold (D:7)
  The ghost of Clumpoid the Brawler, a journeyman TrWn of Qazlal (Lair:1)
  10 hydras
  2 boulder beetles
  4 centaur warriors
  3 catoblepae
  2 ogre magi (D:15)
  12 two-headed ogres
  A death knight (D:14)
  A tengu warrior (D:14)
  17 death yaks
  Urug (Orc:2)
  An orc high priest (Orc:2)
  4 slime creatures
  6 skeletal warriors
  Pikel (D:5)
  A necromancer (D:14)
  A wizard (D:14)
  2 orc knights (Orc:1)
  6 ugly things
  2 deep elf pyromancers (D:15)
  A deep elf zephyrmancer (D:15)
  3 orc sorcerers
  An oklob plant (Lair:5)
  4 cyclopes
  Maurice (D:9)
  18 elephants
  9 black mambas
  An ice statue (IceCv)
  A cane toad (shapeshifter) (D:13)
  2 gargoyles (D:13)
  16 cane toads
  2 unseen horrors
  12 rime drakes
  9 komodo dragons
  A komodo dragon (shapeshifter) (D:14)
  A freezing wraith (D:14)
  2 tengu conjurers
  11 polar bears
  7 hornets
  3 meliai (D:15)
  10 trolls
  Grinder (D:3)
  7 blink frogs
  A meliai zombie (D:11)
  8 dream sheep (Lair:6)
  A raiju (shapeshifter) (D:14)
  Sigmund (D:4)
  A vampire (D:8)
  6 wyverns
  11 spriggans (Lair:6)
  4 shadows
  2 basilisks
  3 wraiths
  44 yaks
  7 vampire mosquitoes
  A warg (Orc:1)
  3 acid dragons
  Duvessa (D:7)
  25 water moccasins
  A hornet zombie (D:8)
  2 necrophages
  An ice beast (D:7)
  9 black bears
  12 orc warriors
  Pargi (Sewer)
  32 wolves
  4 centaurs
  4 boggarts (Lair:6)
  10 ogres
  2 lemures (D:5)
  2 phantoms
  2 kobold brigands
  Blork the orc (D:4)
  21 bullfrogs
  4 scorpions (Lair:3)
  Dowan (D:7)
  4 killer bees (D:7)
  19 wights
  2 electric eels
  2 water moccasin skeletons
  11 howler monkeys
  A bullfrog zombie (D:5)
  5 centaur zombies
  3 jellies
  4 orc priests
  2 hounds
  A gnoll shaman (D:6)
  2 bullfrog skeletons
  A centaur skeleton (D:4)
  Jessica (D:2)
  An iguana (D:6)
  Natasha (D:2)
  4 orc wizards
  5 hell rats (Lair:6)
  A hound zombie (D:4)
  2 hound skeletons (D:4)
  A howler monkey zombie (D:10)
  7 gnolls
  A howler monkey skeleton (D:7)
  15 adders
  A white imp (D:8)
  An ufetubus (D:7)
  7 worms
  6 dart slugs
  6 orcs
  2 ball pythons (D:3)
  3 bats
  7 endoplasms
  8 giant cockroaches
  8 hobgoblins
  7 jackals
  15 kobolds
  9 quokkas
  2 frilled lizards
  12 goblins
  21 rats
651 creatures vanquished.

Vanquished Creatures (others)
  An orc wizard (Orc:2)
  76 fungi
  88 plants
165 creatures vanquished.

Grand Total: 816 creatures vanquished

Notes
Turn   | Place    | Note
-------+----------+-------------------------------------------
     0 | D:1      | HallandMoats the Ghoul Fighter began the quest for the Orb.
     0 | D:1      | Reached XP level 1. HP: 19/19 MP: 0/0
    61 | D:1      | Reached XP level 2. HP: 19/26 MP: 1/1
   338 | D:1      | Reached XP level 3. HP: 29/31 MP: 2/2
  1076 | D:2      | Reached skill level 1 in Dodging
  1081 | D:2      | Reached XP level 4. HP: 40/40 MP: 3/3
  1349 | D:2      | Noticed Jessica
  1361 | D:2      | Killed Jessica
  1647 | D:2      | Noticed Natasha
  1649 | D:2      | Killed Natasha
  1650 | D:2      | Reached XP level 5. HP: 46/46 MP: 4/4
  1653 | D:2      | Identified the +1 scale mail of Lifelessness {-Cast Drain
                  | rElec rF++ Dex+8}
  1656 | D:2      | Found a faded altar of an unknown god.
  1664 | D:2      | Prayed at the altar of an unknown god.
  1664 | D:2      | Became a worshipper of Warmaster Okawaru
  1664 | D:2      | Reached * piety under Okawaru
  1976 | D:3      | Found a glowing drain.
  1981 | D:3      | Reached skill level 1 in Invocations
  1989 | Sewer    | Entered a sewer
  2314 | Sewer    | Noticed Pargi
  2340 | Sewer    | Killed Pargi
  2341 | Sewer    | Reached XP level 6. HP: 14/52 MP: 4/6
  2921 | D:3      | Reached ** piety under Okawaru
  2922 | D:3      | Reached skill level 2 in Invocations
  2966 | D:3      | Noticed Grinder
  2966 | D:3      | Paralysed by Grinder for 7 turns
  2977 | D:3      | Paralysed by Grinder for 2 turns
  2981 | D:3      | Killed Grinder
  2982 | D:3      | Reached skill level 3 in Invocations
  2982 | D:3      | Reached XP level 7. HP: 40/60 MP: 4/8
  3647 | D:4      | Reached XP level 8. HP: 57/67 MP: 9/9
  3755 | D:4      | Noticed Sigmund
  3764 | D:4      | Killed Sigmund
  3764 | D:4      | Reached *** piety under Okawaru
  3765 | D:4      | Reached skill level 5 in Fighting
  3765 | D:4      | Reached skill level 4 in Invocations
  4021 | D:4      | Noticed Blork the orc
  4027 | D:4      | Killed Blork the orc
  4304 | D:5      | Entered Level 5 of the Dungeon
  4388 | D:5      | Identified the +1 dagger "Amuxirgh" {vamp, Int+7}
  4925 | D:5      | Reached skill level 5 in Invocations
  5026 | D:5      | Noticed Pikel
  5086 | D:5      | Killed Pikel
  5086 | D:5      | Received a gift from Okawaru
  5086 | D:5      | Reached **** piety under Okawaru
  5086 | D:5      | HP: 1/69 [bullfrog zombie (3)]
  5087 | D:5      | Reached skill level 5 in Axes
  5087 | D:5      | Reached XP level 9. HP: 1/75 MP: 9/12
  5543 | D:5      | Found a snail-covered altar of Cheibriados.
  5774 | D:5      | HP: 3/75 [adder (4)]
  6248 | D:5      | Reached skill level 6 in Invocations
  6659 | D:5      | Reached skill level 5 in Armour
  7535 | D:6      | Learned a level 3 spell: Ozocubu's Armour
  7591 | D:7      | Found a staircase to the Ecumenical Temple.
  7616 | D:7      | Reached skill level 7 in Invocations
  7763 | D:7      | Reached XP level 10. HP: 41/84 MP: 14/14
  8074 | D:7      | Noticed Harold
  8127 | D:7      | Killed Harold
  8127 | D:7      | Reached ***** piety under Okawaru
  8196 | D:7      | Noticed Duvessa
  8198 | D:7      | Noticed Dowan
  8222 | D:7      | Killed Dowan
  8223 | D:7      | Reached skill level 8 in Invocations
  8230 | D:7      | Killed Duvessa
  8761 | D:8      | Found a shimmering altar of Xom.
  8763 | D:8      | Found a shimmering altar of Xom.
  8763 | D:8      | Found a shimmering altar of Xom.
  8775 | D:8      | Identified the +0 robe of Narcissism {Drain rPois SInv
                  | Archmagi}
  8839 | D:7      | Reached skill level 5 in Dodging
  9386 | D:8      | Found a staircase to the Lair.
  9829 | D:8      | Found a shimmering altar of Xom.
  9830 | D:8      | Found a shimmering altar of Xom.
  9832 | D:8      | Found a shimmering altar of Xom.
  9832 | D:8      | Found a shimmering altar of Xom.
  9972 | Temple   | Entered the Ecumenical Temple
 10751 | D:9      | Identified the +4 hunting sling of the Owl {freeze, Int+3}
                  | (Okawaru gifted it to you on level 9 of the Dungeon)
 10751 | D:9      | Received a gift from Okawaru
 11022 | D:9      | Reached skill level 9 in Invocations
 11022 | D:9      | Reached XP level 11. HP: 93/93 MP: 14/16
 11076 | D:9      | Found Ideof's Magic Scroll Shoppe.
 11084 | D:9      | Bought a scroll of magic mapping for 45 gold pieces
 11084 | D:9      | Bought a scroll of brand weapon for 260 gold pieces
 11084 | D:9      | Bought a scroll of teleportation for 39 gold pieces
 11192 | D:9      | Found a runed translucent door.
 11205 | D:9      | Found a runed translucent door.
 11218 | D:9      | Found a runed translucent door.
 11273 | D:9      | Found a runed translucent door.
 11292 | D:9      | Noticed Maurice
 11346 | D:9      | Killed Maurice
 12112 | D:9      | Noticed an orange crystal statue
 12148 | D:9      | Noticed a two-headed ogre
 12490 | D:9      | Noticed a boulder beetle
 12518 | D:9      | Lost intelligence.
 14830 | D:10     | Entered Level 10 of the Dungeon
 15151 | D:9      | HP: 2/94 [yak (6)]
 25183 | D:10     | Reached skill level 10 in Invocations
 25396 | D:10     | Found a runed translucent gate.
 25396 | D:10     | Found a runed translucent gate.
 25396 | D:10     | Found a runed translucent gate.
 25401 | D:10     | Noticed blank1's ghost (journeyman MiFi)
 26227 | D:10     | Identified the +3 hand axe "Linol" {flame, rElec Int+8
                  | Dex+3}
 26265 | D:10     | Identified the +2 helmet of the Valley of Death {+Inv}
 26571 | D:11     | Identified the +2 helmet "Wismeadi" {rC++}
 27228 | D:11     | Noticed a cyclops
 27242 | D:11     | Killed a cyclops
 28166 | D:12     | Noticed a two-headed ogre
 28187 | D:12     | Noticed a cyclops
 28202 | D:12     | Killed a cyclops
 28203 | D:12     | Reached XP level 12. HP: 79/103 MP: 13/19
 28222 | D:12     | Killed a two-headed ogre
 28223 | D:12     | Found a staircase to the Orcish Mines.
 28425 | D:12     | Reached skill level 11 in Invocations
 28472 | D:12     | HP: 1/103 [something (7)]
 28941 | D:12     | HP: 1/103 [very large slime creature (44)]
 28948 | D:12     | Identified the +0 robe of Okawaru's Approval {Int+3 Dex+3}
                  | (Okawaru gifted it to you on level 12 of the Dungeon)
 28948 | D:12     | Received a gift from Okawaru
 29465 | D:12     | Noticed an eight-headed hydra
 29483 | D:12     | Killed a one-headed hydra
 29614 | D:12     | Identified the +2 leather armour of Parts Unknown {rElec
                  | rPois Dex+2}
 29617 | D:12     | Noticed a two-headed ogre
 29626 | D:12     | Killed a two-headed ogre
 29716 | D:12     | Identified the +1 leather armour "Xaquq" {rC+ Int+6}
 30291 | D:13     | Noticed a fire dragon
 30301 | D:13     | Noticed a boulder beetle
 30327 | D:13     | Killed a fire dragon
 30328 | D:13     | Reached skill level 10 in Axes
 30340 | D:13     | Noticed Frances
 30725 | Orc:1    | Entered Level 1 of the Orcish Mines
 30890 | Orc:2    | Entered Level 2 of the Orcish Mines
 30890 | Orc:2    | Found Cuqig's Magic Scroll Boutique.
 31032 | Orc:2    | Noticed an orc high priest
 31481 | Orc:2    | Noticed a sun demon
 31491 | Orc:2    | Killed an orc high priest
 31492 | Orc:2    | Reached skill level 12 in Invocations
 31878 | Orc:2    | Bought a scroll of teleportation for 36 gold pieces
 31878 | Orc:2    | Bought a scroll of fear for 42 gold pieces
 31878 | Orc:2    | Bought a scroll of magic mapping for 42 gold pieces
 31882 | Orc:2    | Noticed Urug
 33030 | D:13     | Reached XP level 13. HP: 57/112 MP: 11/21
 33270 | D:13     | Noticed a vault guard
 33533 | D:13     | Noticed a vault guard
 34107 | D:13     | Killed Frances
 34222 | Lair:1   | Entered Level 1 of the Lair of Beasts
 34428 | Lair:1   | Found a runed translucent gate.
 34429 | Lair:1   | Found a runed translucent gate.
 34429 | Lair:1   | Noticed Clumpoid's ghost (journeyman TrWn)
 34485 | Lair:1   | Reached skill level 10 in Fighting
 34708 | Lair:1   | Found a runed translucent gate.
 35707 | Lair:1   | Killed Clumpoid's ghost
 35707 | Lair:1   | Received a gift from Okawaru
 35708 | Lair:1   | Reached skill level 13 in Invocations
 36263 | Lair:2   | Identified the +2 helmet of Adeem {Slay+2} (Okawaru gifted
                  | it to you on level 2 of the Lair of Beasts)
 36263 | Lair:2   | Received a gift from Okawaru
 36768 | Lair:2   | You fall into a shaft and drop 2 floors!
 36792 | Lair:4   | Found a frozen archway.
 36811 | IceCv    | Entered an ice cave
 37195 | IceCv    | Noticed a frost giant
 37217 | IceCv    | Reached XP level 14. HP: 101/122 MP: 14/23
 37226 | IceCv    | Killed a frost giant
 37859 | IceCv    | Received a gift from Okawaru
 37903 | IceCv    | Reached skill level 10 in Dodging
 38735 | Lair:3   | Found a hole to the Spider Nest.
 38748 | Lair:3   | Noticed Snorg
 38773 | Lair:3   | Killed Snorg
 40012 | Lair:2   | Noticed Fannar
 40026 | Lair:2   | Killed Fannar
 41425 | Lair:4   | Reached skill level 14 in Invocations
 41759 | Lair:4   | Found a staircase to the Snake Pit.
 42712 | Lair:5   | Received a gift from Okawaru
 43095 | Lair:5   | Reached XP level 15. HP: 96/130 MP: 4/24
 43954 | Lair:6   | Entered Level 6 of the Lair of Beasts
 44564 | Lair:6   | Received a gift from Okawaru
 44844 | Lair:6   | Reached skill level 10 in Armour
 45881 | Lair:6   | Found a viscous altar of Jiyva.
 45881 | Lair:6   | Found a staircase to the Slime Pits.
 47847 | D:13     | Found a gate to the Vaults.
 47861 | D:13     | Received a gift from Okawaru
 48135 | D:13     | Found a bloodstained altar of Trog.
 48924 | D:14     | Identified the +3 hunting sling "Lifebane" {vorpal, rN+}
 49113 | D:14     | Reached XP level 16. HP: 52/141 MP: 0/26
 49965 | D:14     | Identified the +2 ring mail "Toutavus" {Harm Drain Int-3
                  | SInv}
 50294 | D:15     | Entered Level 15 of the Dungeon
 50497 | D:14     | Reached skill level 15 in Invocations
 50815 | D:15     | Identified the +1 helmet "Fuv Wuat" {Fly} (Okawaru gifted
                  | it to you on level 15 of the Dungeon)
 50815 | D:15     | Received a gift from Okawaru
 51426 | D:15     | Found a staircase to the Depths.
 51850 | Orc:2    | Killed Urug
 51975 | Orc:2    | Noticed Saint Roka
 52213 | Orc:2    | Paralysed by an orc sorcerer for 7 turns
 52220 | Orc:2    | Killed from afar by Saint Roka

Illustrated notes

Levels and vault maps discovered:
D:1:      onia_arrival_pyramid, layout_loops_ring
D:2:      layout_basic, dilly_ecumenical_altar_fadedgnrine, minmay_rat_hole,
          uniq_jessica, uniq_natasha
D:3:      layout_basic, gup_sewer_entry_pipe,
          nicolae_concentric_dashed_squares_mild, minivault_27,
          minmay_goblin_outpost, uniq_grinder
D:4:      layout_cave_pools, uniq_blork_the_orc, uniq_sigmund
D:5:      layout_cave_pools, lemuel_coloured_pillars_altar, uniq_pikel
D:6:      layout_rooms
D:7:      layout_rooms, minmay_temple_entry_from_below_a, minmay_liquid_box,
          uniq_duvessa, uniq_harold
D:8:      layout_rooms, xom_redecorated, due_lair_maze_entry_diamond
D:9:      layout_cave_pods, serial_shops, nicolae_shop_statue_plus,
          amethyst_killhole, minmay_statue_crystal_thing, uniq_maurice
D:10:     layout_irregular_city, ebering_ghost_rock_garden
D:11:     layout_basic, kennysheep_generic_room_14
D:12:     layout_loops_ring, orc_0_dummy, st_stairs_11,
          chequers_serial_rivers_large_a
D:13:     layout_grid_maze, grunt_vaults_entry_fortified, bloody_trog,
          uniq_frances
D:14:     layout_basic, tso_metal_star
D:15:     hangedman_depths_entry_civil_slaughter, layout_rooms,
          hangedman_abyss_or_decor_stagger
Temple:   mainiacjoe_temple_big_plus
Lair:1:   layout_small_grid, gammafunk_ghost_split, cheibrodos_lair_reptile_den
Lair:2:   layout_regular_city, beast_lair_carwin_6, uniq_fannar
Lair:3:   layout_cave_shapes, nicolae_spider_entry_non_spiders, uniq_snorg
Lair:4:   layout_regular_city, guppyfry_snake_entry_garden,
          portal_ice_cave_rime, grunt_megastairs_2, infiniplex_staircase_pool
Lair:5:   layout_gridlike, wad_woods_river_01
Lair:6:   minmay_lair_end_enchanted_forest, layout_cave_pods, slime_altar_1,
          st_stairs_7, lemuel_fruit_tree, serial_bayou_shore_b,
          serial_bayou_shore_b
Orc:1:    layout_caves, serial_shops, nicolae_diamond_shop, uniq_josephine
Orc:2:    grunt_orc_cross, layout_caves, serial_shops, shop, minmay_orc_temple_a

Skill      XL: |  1  2  3  4  5  6  7  8  9 10 11 12 13 14 15 16 |
---------------+-------------------------------------------------+-----
Axes           | 2 3 5 6 7 9 10 11 12 13 14 | 14.4
Shields        | 3 4 |  4.3
Armour         | 3 4 5 6 7 8 9 10 | 10.8
Dodging        | 1 2 3 4 5 6 7 9 11 14 | 14.7
Fighting       | 4 5 6 7 8 9 10 11 12 | 12.8
Invocations    | 1 3 5 7 9 10 12 13 14 15 | 15.2

Action                   |  1- 3 |  4- 6 |  7- 9 | 10-12 | 13-15 | 16-18 || total
-------------------------+-------+-------+-------+-------+-------+-------++-------
Melee: War axe           |   107 |   167 |   241 |   184 |       |       ||   699
       Dagger            |       |       |   121 |   376 |       |       ||   497
       Mace              |       |       |       |   114 |       |       ||   114
       Hand axe          |       |       |       |   582 |  1703 |    72 ||  2357
       Broad axe         |       |       |       |       |       |   169 ||   169
Throw: Throwing net      |       |       |       |     3 |       |       ||     3
Invok: Heroism           |       |     3 |     9 |    19 |    15 |     4 ||    50
       Finesse           |       |       |       |     3 |     3 |     3 ||     9
  Use: Potion            |       |     1 |     4 |     9 |     4 |       ||    18
       Scroll            |       |     1 |     3 |    18 |     2 |     3 ||    27
 Stab: Distracted        |       |       |       |       |     1 |       ||     1
Armor: Scale mail        |    75 |   112 |   169 |   411 |   426 |    71 ||  1264
       Troll leather arm |       |     6 |       |       |       |       ||     6
Dodge: Dodged            |    75 |   126 |   259 |   796 |  1080 |   188 ||  2524
Block: Buckler           |    26 |    59 |   142 |   486 |   573 |    77 ||  1363

Table legend: (Time is in decaauts)
 A = Elapsed time spent in this place.
 B = Non-inter-level travel time spent in this place.
 C = Inter-level travel time spent in this place.
 D = Time resting spent in this place.
 E = Time spent auto-exploring this place.
 F = Levels seen in this place.
 G = Mean time per level.
                   A        B        C        D        E       F      G
               +--------+--------+--------+--------+--------+-----+--------+
         Total |  57213 |  55873 |   1340 |  29266 |  19325 |  26 | 2200.5 |
       Dungeon |  42556 |  41501 |   1055 |  24765 |  11962 |  15 | 2837.1 |
        Temple |    416 |    390 |     26 |      0 |    386 |   1 |  416.0 |
          Lair |  10600 |  10357 |    243 |   2554 |   6186 |   6 | 1766.7 |
  Orcish Mines |   1842 |   1827 |     15 |   1106 |    319 |   2 |  921.0 |
         Sewer |    638 |    638 |      0 |    251 |    289 |   1 |  638.0 |
      Ice Cave |   1158 |   1158 |      0 |    590 |    183 |   1 | 1158.0 |
               +--------+--------+--------+--------+--------+-----+--------+

Top non-repeatable levels by time:
     D:9: 18834 daAuts
    D:13: 3018 daAuts
    D:11: 2505 daAuts
  Lair:6: 2354 daAuts
    D:12: 2341 daAuts
    D:14: 2182 daAuts
     D:5: 2084 daAuts
  Lair:2: 2029 daAuts
    D:10: 2016 daAuts
     D:8: 1858 daAuts
  Lair:1: 1813 daAuts
     D:7: 1586 daAuts
  Lair:3: 1566 daAuts
  Lair:4: 1524 daAuts
   Orc:1: 1466 daAuts
